 Dungeon Crawl Stone Soup version 0.32-a0-411-g744942f433 (webtiles) character file.

Game seed: 12768662173017721398

409 greenreed the Poker (level 6, -1/49 HPs)
             Began as a Coglin Gladiator on Feb 20, 2024.
             Killed by divine providence
             ... invoked by an orc priest
              (13 damage)
             ... on level 5 of the Dungeon.
             The game lasted 00:06:13 (3669 turns).

greenreed the Poker (Coglin Gladiator)              Turns: 3669, Time: 00:06:14

Health: -1/49      AC: 11    Str: 17    XL:     6   Next: 89%
Magic:  6/6        EV:  8    Int:  7    God:
Gold:   50         SH:  0    Dex: 15    Spells: 5/5 levels left

rFire   . . .        a - +0 trident {Cuahtemoc}
rCold   . . .        (no shield)
rNeg    . . .        h - +0 chain mail
rPois   .            c - +0 helmet
rElec   .            (no cloak)
rCorr   .            (no gloves)
SInv    .            t - +1 pair of boots {Fly}
Will    .....        p - amulet of the acrobat Stlth
                     (no ring)
HPRegen 0.28/turn    (no ring)
MPRegen 0.10/turn

%: acrobat
@: immotile, flying, revved
A: off-hand wielding, slow wielding, warmup strikes, legs shutdown
a: Convert to Beogh


You were on level 5 of the Dungeon.
You visited 1 branch of the dungeon, and saw 5 of its levels.

You collected 281 gold pieces.
You spent 231 gold pieces at shops.

Inventory:

Hand Weapons
 a - a +0 trident (weapon) {Cuahtemoc}
Missiles
 d - 3 throwing nets
 e - a javelin
 n - 2 curare-tipped darts (quivered)
Armour
 c - a +0 helmet (worn)
 h - a +0 chain mail (worn)
 t - a +1 pair of boots of flying (worn)
Jewellery
 p - an amulet of the acrobat (around neck)
Scrolls
 b - a scroll of teleportation {unknown}
 f - 3 scrolls of fear {unknown}
 i - a scroll of enchant armour {unknown}
 l - 4 scrolls of identify {unknown}
 m - a scroll of brand weapon {unknown}
 r - a scroll of immolation {unknown}
 u - a scroll of amnesia {unknown}
Potions
 g - 3 potions of heal wounds {unknown}
 j - a potion of berserk rage {unknown}
 k - 2 potions of mutation {unknown}
 o - a potion of curing {unknown}
 q - 2 potions of brilliance {unknown}
 s - a potion of degeneration {unknown}


   Skills:
 * Level 4.4 Fighting
 * Level 4.5 Polearms
 - Level 1.7 Throwing
 + Level 2.1 Armour
 + Level 3.5 Dodging


You had 5 spell levels left.
You didn't know any spells.
Your spell library contained the following spells:

 Spells                   Type           Power      Damage    Failure   Level
 Summon Small Mammal      Summ           0%         N/A       99%         1
 Ensorcelled Hibernation  Hex/Ice        0%         N/A       100%        2
 Mercury Vapours          Alch/Air       0%         N/A       100%        2
 Call Canine Familiar     Summ           0%         N/A       100%        3
 Dazzling Flash           Conj/Hex       0%         N/A       100%        3
 Mephitic Cloud           Conj/Alch/Air  0%         N/A       100%        3
 Passwall                 Erth           0%         N/A       100%        3
 Swiftness                Air            0%         N/A       100%        3
 Summon Blazeheart Golem  Fire/Summ      0%         N/A       100%        4
 Curse of Agony           Necr           0%         N/A       100%        5
 Freezing Cloud           Conj/Ice/Air   0%         6-21      100%        5
 Iskenderun's Battlesphe  Conj           0%         2d6       100%        5
 Silence                  Hex/Air        0%         N/A       100%        5
 Bombard                  Conj/Erth      0%         9d1       100%        6
 Spellforged Servitor     Conj/Summ      0%         N/A       100%        7


Dungeon Overview and Level Annotations

Branches:
Dungeon (5/15)
 Temple: D:4-7

Altars:
Makhleb
Okawaru

Shops:
D:2 *   D:3 [


Innate Abilities, Weirdness & Mutations

You can wield a second weapon in your off-hand.
It takes a long time for you to wield or remove held weapons.
Your first few attacks do less damage.
Attacking and casting redirects power from your legs.


Message History

The orc wizard flickers and vanishes!
Deactivating autopickup; reactivate with Ctrl-A.
You reach to attack!
You hit the orc priest.
The orc priest is lightly wounded.
The orc priest hits you but does no damage.
You reach to attack!
You puncture the orc priest!
The orc priest is heavily wounded.
The orc priest hits you but does no damage.
The orc priest invokes the aid of Beogh against you.
Pain shoots through your body!
The orc priest threatens, "Beogh's wrath is as vast as their mercy.
Make your choice!" (press Y on the ability menu to convert to Beogh)
You are too injured to fight recklessly!
Reach: a) +0 trident {Cuahtemoc}
Press: ? - help, Dir - move target, f/p - orc priest
Aim: an orc priest, wielding a +0 trident and wearing a +0 ring mail (heavily wounded, about 35% to evade your +0 trident)
You reach to attack!
You barely miss the orc priest.
The orc priest is heavily wounded.
The orc priest shouts, "Surrender to Beogh and we'll let you live!"
The orc priest hits you but does no damage.
Reach: a) +0 trident {Cuahtemoc}
Press: ? - help, Dir - move target, f/p - orc priest
Aim: an orc priest, wielding a +0 trident and wearing a +0 ring mail (heavily wounded, about 35% to evade your +0 trident)
You reach to attack!
You hit the orc priest.
The orc priest shouts, "Surrender to Beogh and we'll let you live!"
The orc priest is severely wounded.
The orc priest mumbles some strange prayers to Beogh against you.
Pain shoots through your body!
* * * LOW HITPOINT WARNING * * *
Unknown command.
Reach: a) +0 trident {Cuahtemoc}
Press: ? - help, Dir - move target, f/p - orc priest
Aim: an orc priest, wielding a +0 trident and wearing a +0 ring mail (severely wounded, about 35% to evade your +0 trident)
You reach to attack!
You hit the orc priest but do no damage.
The orc priest shouts, "Beogh offers mercy even to people such as you.
Join us and be reborn!"
The orc priest is severely wounded.
The orc priest calls down the wrath of Beogh upon you.
Beogh smites you!
You die...

#.# ### #.# ..#
#.# . #.# #.# ..
#.# #.#
#.##)####.##
#..)<).#...#####.#
####.).....@.o{s#
#####...####o.#
##.## #.# #.# #..
###


You could see a scorpion, an orc priest and an orc wizard.

Vanquished Creatures
  A black bear (D:5)
  An orc warrior (D:4)
  A bombardier beetle (D:4)
  7 adders
  2 dart slugs
  3 ribbon worms (D:2)
  6 orcs (D:5)
  8 ball pythons
  3 endoplasms (D:1)
  3 giant cockroaches
  5 hobgoblins
  5 quokkas
  2 frilled lizards
  3 goblins
  6 kobolds
  12 rats
68 creatures vanquished.

Notes
Turn   | Place    | Note
-------+----------+-------------------------------------------
     0 | D:1      | greenreed the Coglin Gladiator began the quest for the Orb.
     0 | D:1      | Reached XP level 1. HP: 16/16 MP: 1/1
   129 | D:1      | Reached XP level 2. HP: 22/22 MP: 2/2
   283 | D:1      | Reached XP level 3. HP: 28/28 MP: 3/3
  1078 | D:2      | Found Mota Lio's Assorted Antiques.
  1107 | D:2      | Reached skill level 1 in Armour
  1151 | D:2      | Reached XP level 4. HP: 28/34 MP: 4/4
  1782 | D:3      | Found Vonk's Armour Shop.
  1806 | D:3      | Found an iron altar of Okawaru.
  1905 | D:3      | Reached XP level 5. HP: 41/41 MP: 5/5
  1929 | D:3      | Found a burning altar of Makhleb.
  1953 | D:3      | Found a faded altar of an unknown god.
  2479 | D:3      | Bought a +1 pair of boots of flying for 231 gold pieces
  3331 | D:5      | Entered Level 5 of the Dungeon
  3372 | D:5      | Noticed a black bear
  3387 | D:5      | Killed a black bear
  3388 | D:5      | Reached XP level 6. HP: 34/48 MP: 6/6
  3488 | D:5      | Noticed an orc warrior
  3500 | D:4      | Killed an orc warrior
  3669 | D:5      | Killed from afar by an orc priest

Illustrated notes

Levels and vault maps discovered:
D:1:      matt_arrival_spirals, layout_basic
D:2:      layout_basic, serial_shops, shop
D:3:      layout_basic, mainiacjoe_overflow_alcove_4, lemuel_doored_altar,
          hellmonk_ecumenical_altar_pennies_from_heaven, serial_shops, shop
D:4:      layout_basic
D:5:      layout_loops_ring, nicolae_sif_muna_condensation, serial_glass,
          glass_columns_a, glass_columns_b, glass_columns_a, glass_columns_c,
          glass_columns_a, glass_columns_a, enter_ossuary_3

Skill      XL: |  1  2  3  4  5  6 |
---------------+-------------------+-----
Polearms       | 3 4 |  4.5
Dodging        | 3 |  3.5
Armour         | 1 2 |  2.1
Fighting       | 3 4 |  4.4
Throwing       | |  1.7

Action                     |  1- 3 |  4- 6 || total
---------------------------+-------+-------++-------
  Melee: Trident           |    81 |   174 ||   255
  Throw: Dart              |       |     2 ||     2
   Stab: Sleeping          |     1 |       ||     1
 Armour: Leather armour    |     1 |       ||     1
         Chain mail        |    35 |   128 ||   163
  Dodge: Dodged            |    23 |    58 ||    81

Table legend: (Time is in decaauts)
 A = Elapsed time spent in this place.
 B = Non-inter-level travel time spent in this place.
 C = Inter-level travel time spent in this place.
 D = Time resting spent in this place.
 E = Time spent auto-exploring this place.
 F = Levels seen in this place.
 G = Mean time per level.
                   A        B        C        D        E       F      G
               +--------+--------+--------+--------+--------+-----+--------+
         Total |   3702 |   3507 |    195 |    134 |   2794 |   5 |  740.4 |
       Dungeon |   3702 |   3507 |    195 |    134 |   2794 |   5 |  740.4 |
               +--------+--------+--------+--------+--------+-----+--------+

Top non-repeatable levels by time:
     D:4: 1065 daAuts
     D:1: 903 daAuts
     D:2: 832 daAuts
     D:3: 795 daAuts
     D:5: 105 daAuts
